cohdb
Replays
Latest Replays
All Replays
Popular Replays
Top Player Replays
Match Explorer
How It Works
Community
CoH3 Stats
Reddit
Sign in to upload your games and track your stats! →
Sign in with Steam
Match 40948678
Unlisted
Match 40948678
Overview
Messages
Build Orders
End
Construct Section Command Post
Royal Engineer Section
Selects Air and Sea Battlegroup
Dingo Light Scout Car
Infantry Section
Infantry Section
Construct Platoon Command Post
Selects Commando Section Paradrop
Selects Commando Support Section Paradrop
Commando Section Paradrop
Commando Support Section Paradrop
Exf
Gravey
灬柒霜傲雪乄
fahmibey
gghhhjjkkll
Jishinki
Alex Caesar
phj5969
0
0
Comments
sign in to comment!
No comments posted yet!